 Dungeon Crawl Stone Soup version 0.17-a0-2055-gb4e23be (webtiles) character file.

805 4thArraOfDagon the Ruffian (level 7, -1/57 HPs)
             Began as a Black Draconian Artificer on Oct 11, 2015.
             Slain by a gnoll
             ... wielding a +0 halberd
              (16 damage)
             ... on level 7 of the Dungeon.
             The game lasted 00:07:50 (1179 turns).

4thArraOfDagon the Ruffian (DrAr)                   Turns: 1179, Time: 00:07:51

Health: -1/57      AC:  9    Str: 18    XL:     7   Next: 60%
Magic:  9/9        EV: 13    Int: 18    God:
Gold:   135        SH:  0    Dex: 12    Spells: 0 memorised, 6 levels left

rFire  + . .     SeeInvis .       - Unarmed
rCold  + . .     Clarity  .     (armour unavailable)
rNeg   . . .     SustAt   .     (no shield)
rPois  +         Gourm    .     (helmet restricted)
rElec  +         Spirit   .     (no cloak)
rCorr  +         Warding  .     h - +2 pair of gloves
rMut   .         Stasis   .     (no boots)
MR     .....                    (no amulet)
Stlth  +.........               r - ring of invisibility
                                i - +4 ring of intelligence

@: mighty, resistant, not resistant to hostile enchantments, very unstealthy
A: breathe lightning, unfitting armour, electricity resistance, cold-blooded, AC
+6
a: Breathe Lightning, Evoke Invisibility


You were on level 7 of the Dungeon.
You were hungry.

You visited 1 branch of the dungeon, and saw 7 of its levels.

You collected 135 gold pieces.

Inventory:

Hand Weapons
 t - the +5 hand axe of the Morning {venom, rF+ Int+2, unknown}
   (You found it on level 6 of the Dungeon)

   It poisons the flesh of those it strikes.
   It affects your intelligence (+2).
   It protects you from fire.
Armour
 h - a +2 pair of gloves (worn)
 n - a +0 shield
Jewellery
 i - a +4 ring of intelligence (left hand)
 r - a ring of invisibility (right hand)
Wands
 b - a wand of flame (0)
 c - a wand of enslavement (10)
 d - a wand of random effects (8)
 g - a wand of confusion (0)
 u - a wand of flame (30)
Scrolls
 f - a scroll of blinking {unknown}
 j - 2 scrolls of identify
 k - 3 scrolls of enchant armour
 l - a scroll of magic mapping {unknown}
 o - a scroll of remove curse {unknown}
 s - a scroll of recharging {unknown}
Potions
 a - a potion of might
Comestibles
 e - 2 bread rations
 p - a slice of pizza
 q - 5 chunks of flesh


   Skills:
 + Level 3.4 Fighting
   Level 1.0 Short Blades
 + Level 2.9 Dodging
 - Level 0.8 Stealth
 * Level 7.3 Unarmed Combat
 + Level 3.2 Evocations


You had 6 spell levels left.
You didn't know any spells.

Dungeon Overview and Level Annotations

Branches:
Dungeon (7/15)
 Temple: D:4-7

Altars:
Fedhas
Gozag
Makhleb
Qazlal
Zin

Annotations:
D:6 Edmund


Innate Abilities, Weirdness & Mutations

You can breathe wild blasts of lightning.
Your glossy black scales are hard (AC +6).
Your body does not fit into most forms of armour.
You are resistant to electric shocks.
You are cold-blooded and may be slowed by cold attacks.


Message History

Evoke which item? (* to show all) (? for menu, Esc to quit)
Zapping:
c - a wand of enslavement (11)
Press: ? - help, Shift-Dir - straight line, f/p - human
Aim: a human, wielding a hand axe and wearing an animal skin (lightly wounded, chance to defeat MR: 52%)
The human is charmed.
This wand has 10 charges left.
You have got your breath back.
The gnoll hits you but does no damage.
Unknown command.
What do you say? t - Shout!
Orders for allies: a - Attack new target. p - Attack previous target. r - Retreat! s - Stop attacking. w - Wait here. f - Follow me.
Anything else - Stay silent.
Gang up on whom?
Press: ? - help, Dir - move target cursor, f - gnoll, p - human
Aim: a gnoll, wielding a halberd Attack!
The sheep completely misses your human.
The gnoll hits you from afar with a halberd!
You die...

########
##...Yg@#
#....gp.#
#..?Y...#
#..Y##### .
#...#
..##...#######
.......g.>....#
...##..Y.####.#
## #...Y#


You could see 3 sheep, 2 gnolls and a friendly human.

Vanquished Creatures
  A water moccasin (D:5)
  An ogre (D:4)
  2 phantoms (D:5)
  Blork the orc (D:5)
  A giant frog (D:6)
  A centaur (D:5)
  An iguana (D:5)
  A crimson imp (D:6)
  A giant frog skeleton (D:5)
  A hound (D:6)
  A worker ant (D:5)
  A sheep (D:7)
  4 adders
  2 giant geckos
  An orc (D:5)
  A hobgoblin (D:2)
  3 quokkas
  A bat (D:3)
  2 giant gecko skeletons (D:5)
  3 giant newts
30 creatures vanquished.

Vanquished Creatures (collateral kills)
  A crimson imp (D:5)
1 creature vanquished.

Grand Total: 31 creatures vanquished

Notes
Turn   | Place    | Note
--------------------------------------------------------------
     0 | D:1      | 4thArraOfDagon the Draconian Artificer began the quest for the Orb.
     0 | D:1      | Reached XP level 1. HP: 16/16 MP: 3/3
   109 | D:3      | Reached skill level 1 in Unarmed Combat
   109 | D:3      | Reached XP level 2. HP: 23/23 MP: 4/4
   218 | D:4      | Reached XP level 3. HP: 28/28 MP: 5/5
   226 | D:4      | Noticed an ogre
   230 | D:4      | Killed an ogre
   230 | D:4      | Reached skill level 4 in Unarmed Combat
   230 | D:4      | Reached XP level 4. HP: 35/35 MP: 6/6
   289 | D:4      | Found a blossoming altar of Fedhas.
   300 | D:5      | Entered Level 5 of the Dungeon
   372 | D:5      | Noticed a phantom
   391 | D:6      | Noticed Edmund
   391 | D:6      | Noticed an orc warrior
   402 | D:5      | Noticed a phantom
   477 | D:5      | Noticed a centaur
   517 | D:5      | Noticed Blork the orc
   537 | D:5      | Killed Blork the orc
   537 | D:5      | Reached skill level 5 in Unarmed Combat
   537 | D:5      | Reached XP level 5. HP: 40/40 MP: 4/7
   561 | D:5      | Killed a phantom
   561 | D:5      | Reached skill level 6 in Unarmed Combat
   561 | D:5      | Reached XP level 6. HP: 36/47 MP: 6/8
   575 | D:5      | Killed a phantom
   645 | D:6      | Noticed a water moccasin
   667 | D:5      | Killed a water moccasin
   836 | D:5      | Your scales start taking on a glossy black colour.
   836 | D:5      | Gained mutation: You are resistant to electric shocks. [Black Draconian growth]
   836 | D:5      | Reached XP level 7. HP: 20/56 MP: 9/9
   861 | D:5      | Killed a centaur
   904 | D:5      | Reached skill level 7 in Unarmed Combat
   929 | D:6      | Found a burning altar of Makhleb.
   929 | D:6      | Found a stormy altar of Qazlal.
   929 | D:6      | Found a glowing silver altar of Zin.
   929 | D:6      | Found an opulent altar of Gozag.
   940 | D:6      | Got a warped hand axe
   965 | D:6      | Noticed a giant frog
  1068 | D:6      | Killed a giant frog
  1150 | D:7      | Noticed a human
  1154 | D:7      | ROTFL
  1154 | D:7      | useless colour
  1179 | D:7      | Slain by a gnoll

Vault maps used:
D:1:      dpeg_arrival_central
D:4:      fedhas_altar_3, minmay_temple_entry_fiery, first_bread, uniq_pikel
D:5:      minmay_misc_feat_room, uniq_blork_the_orc
D:6:      grunt_temple_overflow_open, uniq_edmund
D:7:      xom_teletrap_fun, grunt_livestock, uniq_duvessa

Action                   |  1- 3 |  4- 6 |  7- 9 || total
-------------------------+-------+-------+-------++-------
Melee: Short sword       |    18 |     9 |       ||    27
       Unarmed           |       |    58 |    34 ||    92
 Abil: Evoke Invisibilit |       |     1 |       ||     1
       Breathe Lightning |       |       |     5 ||     5
Evoke: Wand              |    10 |    10 |     8 ||    28
  Use: Potion            |       |     7 |     2 ||     9
       Scroll            |       |     1 |       ||     1
 Stab: Invisible         |       |     4 |       ||     4
       Distracted        |       |     1 |       ||     1
  Eat: Chunk             |       |       |     2 ||     2
